 Dungeon Crawl Stone Soup version 0.24.0-2-g5b39cebb1c (webtiles) character file.

Game seed: 16263937536517224794, levelgen mode: deterministic

2427 Granthy the Cleaver (level 9, -2/83 HPs)
             Began as a Minotaur Berserker on Oct 31, 2019.
             Was an Elder of Trog.
             Slain by a killer bee (6 damage)
             ... on level 7 of the Dungeon.
             The game lasted 00:09:27 (6119 turns).

Granthy the Cleaver (Minotaur Berserker)            Turns: 6119, Time: 00:09:28

Health: -2/83      AC:  6    Str: 26    XL:     9   Next: 24%
Magic:  8/8        EV: 11    Int:  4    God:    Trog [****..]
Gold:   197        SH:  0    Dex:  9    Spells: 8/8 levels left

rFire    . . .     SeeInvis .   x - +3 war axe
rCold    . . .     Gourm    .   (no shield)
rNeg     . . .     Faith    .   k - +0 ring mail
rPois    .         Spirit   .   (helmet restricted)
rElec    .         Reflect  .   (no cloak)
rCorr    .         Harm     .   z - +0 pair of gloves
MR       ++...                  (no boots)
Stlth    ..........             (no amulet)
HPRegen  1.23/turn              (no ring)
MPRegen  0.11/turn              (no ring)

@: lethally poisoned (-2 -> -4), berserk cooldown, regenerating, slowed, very
slow
A: retaliatory headbutt, horns 2
a: Berserk, Trog's Hand, Brothers in Arms, Renounce Religion


You were on level 7 of the Dungeon.
You worshipped Trog.
Trog was greatly pleased with you.
You were near starving.

You visited 1 branch of the dungeon, and saw 7 of its levels.

You collected 197 gold pieces.

Inventory:

Hand Weapons
 x - a +3 war axe (weapon)
Armour
 k - a +0 ring mail (worn)
 z - a +0 pair of gloves (worn)
Jewellery
 r - an uncursed amulet of the gourmand {unknown}
Wands
 m - a wand of clouds (2)
 s - a wand of digging (3)
Scrolls
 d - 9 scrolls of teleportation {unknown}
 e - 2 scrolls of noise {unknown}
 f - 3 scrolls of remove curse {unknown}
 l - 3 scrolls of enchant armour {unknown}
 q - a scroll of immolation {unknown}
 u - 6 scrolls of identify {unknown}
 y - a scroll of fog {unknown}
Potions
 a - 2 potions of might {unknown}
 b - a potion of berserk rage {unknown}
 g - 3 potions of flight {unknown}
 h - 2 potions of heal wounds {unknown}
 i - a potion of agility {unknown}
 j - 2 potions of brilliance {unknown}
 n - a potion of mutation {unknown}
 o - 2 potions of haste {unknown}
 p - a potion of curing {unknown}
 t - 3 potions of lignification {unknown}
 v - a potion of ambrosia {unknown}
Comestibles
 c - 10 rations
 w - a chunk of flesh


   Skills:
 + Level 9.0 Fighting
 + Level 12.5 Axes
 - Level 2.5 Armour
 - Level 2.3 Dodging
 - Level 0.3 Stealth


You had 8 spell levels left.
You didn't know any spells.
Your spell library was empty.

Dungeon Overview and Level Annotations

Branches:
Dungeon (7/15)             Temple (0/1) D:4

Altars:
Cheibriados
Fedhas
Gozag
Hepliaklqana
Qazlal
Ru

Shops:
D:4 *

Portals:
Bailey: D:7


Innate Abilities, Weirdness & Mutations

You reflexively headbutt those who attack you in melee.
You have a pair of horns on your head.


Message History

You kill the killer bee!
Trog accepts your kill.
Your Fighting skill increases to level 9!
You completely miss the killer bee. You hit the killer bee.
You feel sick. The killer bee stings you.
* * * LOW HITPOINT WARNING * * *
The killer bee stings you.
* * * LOW HITPOINT WARNING * * *
You are more poisoned.
The killer bee poisons you! The killer bee stings you.
* * * LOW HITPOINT WARNING * * *
The killer bee closely misses you.
The killer bee stings you but does no damage.
The killer bee barely misses you.
You hit the killer bee. Your headbutt misses the killer bee.
The killer bee is heavily wounded.
You slash the killer bee!
You feel very sick. The killer bee closely misses you.
The killer bee stings you.
You die...

#. #.# .# #.#
#.# ###.#
#..##)###....#
#....÷8......
#..........#.#
#..8.....8.#.#.
#..............
#......y†..#.
#.8...∩@y.8#
#......%.....#
##.........###
#.8.....8.#
#.........#
......8....#
#.....######
######


You could see 2 killer bees.

Vanquished Creatures
  A two-headed ogre (D:7)
  A black bear (D:6)
  An ice beast (D:6)
  An ogre (D:6)
  A centaur (D:5)
  2 bullfrogs (D:6)
  A gnoll sergeant (D:6)
  8 killer bees (D:7)
  A howler monkey (D:6)
  An electric eel (D:6)
  A crimson imp (D:6)
  A quasit (D:6)
  6 orc wizards
  3 orc priests
  3 hounds
  4 worker ants
  2 killer bee zombies
  A hound zombie (D:4)
  A worker ant zombie (D:5)
  10 gnolls
  3 adders
  An adder zombie (D:6)
  An adder skeleton (D:6)
  3 worms
  3 dart slugs
  4 leopard geckos
  23 orcs
  A ball python (D:2)
  3 giant cockroaches
  6 goblins
  12 hobgoblins
  6 jackals (D:2)
  2 quokkas
  15 bats
  6 frilled lizards
  A giant cockroach zombie (D:6)
  A jackal skeleton (D:7)
  5 kobolds
  A leopard gecko skeleton (D:5)
  7 rats
154 creatures vanquished.

Notes
Turn   | Place    | Note
-------+----------+-------------------------------------------
     0 | D:1      | Granthy the Minotaur Berserker began the quest for the Orb.
     0 | D:1      | Reached XP level 1. HP: 19/19 MP: 0/0
   241 | D:1      | Reached skill level 4 in Axes
   241 | D:1      | Reached XP level 2. HP: 23/27 MP: 1/1
  1022 | D:2      | Reached XP level 3. HP: 25/33 MP: 2/2
  1153 | D:2      | Reached ** piety under Trog
  1679 | D:2      | You fall into a shaft and drop 2 floors!
  1688 | D:4      | Found an opulent altar of Gozag.
  1708 | D:4      | Found a blossoming altar of Fedhas.
  1709 | D:4      | Found a stormy altar of Qazlal.
  1736 | D:4      | Reached skill level 5 in Axes
  1736 | D:4      | Reached XP level 4. HP: 15/41 MP: 3/3
  2042 | D:4      | Found a staircase to the Ecumenical Temple.
  2457 | D:4      | Reached skill level 5 in Fighting
  2461 | D:4      | Reached XP level 5. HP: 48/48 MP: 4/4
  2755 | D:4      | Reached skill level 6 in Axes
  3342 | D:4      | Found Gozag's Platinum Reserve.
  3509 | D:3      | Reached XP level 6. HP: 42/57 MP: 5/5
  3535 | D:3      | Reached *** piety under Trog
  3838 | D:3      | Reached skill level 7 in Axes
  4477 | D:5      | Entered Level 5 of the Dungeon
  4807 | D:5      | Found a hazy altar of Hepliaklqana.
  4856 | D:5      | Reached XP level 7. HP: 31/64 MP: 6/6
  5107 | D:5      | Reached skill level 8 in Axes
  5284 | D:6      | Reached skill level 9 in Axes
  5296 | D:6      | Reached **** piety under Trog
  5332 | D:6      | Reached XP level 8. HP: 59/73 MP: 7/7
  5362 | D:6      | Reached skill level 10 in Axes
  5912 | D:6      | Found a snail-covered altar of Cheibriados.
  5913 | D:6      | Found a sacrificial altar of Ru.
  6005 | D:7      | Reached skill level 11 in Axes
  6093 | D:7      | Found a flagged portal.
  6093 | D:7      | Noticed a two-headed ogre
  6099 | D:7      | Killed a two-headed ogre
  6099 | D:7      | Reached skill level 12 in Axes
  6099 | D:7      | Reached XP level 9. HP: 80/82 MP: 8/8
  6119 | D:7      | HP: 4/83 [poisoned by a killer bee]
  6119 | D:7      | Slain by a killer bee

Levels and vault maps discovered:
D:1:      lightli_arrival_flooded_house, layout_loops_ring
D:2:      layout_basic, minmay_lizard_pond
D:3:      layout_basic, first_ration
D:4:      layout_basic, grunt_temple_overflow_forces_of_nature,
          minmay_temple_entry_gardened_gates, abandoned_shop,
          nicolae_gozag_zags_fifth_avenue
D:5:      layout_rooms, lemuel_doored_altar, roderic_batcave
D:6:      layout_rooms, gammafunk_temple_overflow_pools, corexii_checkpoint_a,
          serial_bayou_pond_b
D:7:      layout_basic, minitemple, enter_bailey_6, the_bakery

Skill      XL: |  1  2  3  4  5  6  7  8  9 |
---------------+----------------------------+-----
Axes           | 4 5 6 7 9 12 | 12.5
Fighting       | 4 5 6 7 8 9 |  9.0
Armour         | |  2.5
Dodging        | |  2.3
Stealth        | |  0.3

Action                   |  1- 3 |  4- 6 |  7- 9 || total
-------------------------+-------+-------+-------++-------
Melee: Hand axe          |    69 |    86 |       ||   155
       Headbutt          |    11 |    19 |     9 ||    39
       War axe           |       |    25 |    94 ||   119
Invok: Berserk           |       |     5 |     6 ||    11
       Trog's Hand       |       |       |     1 ||     1
  Eat: Chunk             |     2 |    12 |     8 ||    22
       Ration            |       |     1 |       ||     1
Armor: Animal skin       |     5 |       |       ||     5
       Ring mail         |    15 |    23 |    42 ||    80
Dodge: Dodged            |    53 |    54 |    72 ||   179
